[Event "*** SCC Grand Prix: Titled Tuesday Blitz"]
[Site "Chess.com"]
[Date "2020.08.11"]
[Round "9"]
[White "Micki-taryan"]
[Black "swimmerchess"]
[Result "0-1"]
[WhiteElo "3031"]
[BlackElo "2850"]
[TimeControl "180+1"]
[EndTime "11:46:10 PDT"]
[Termination "swimmerchess won by checkmate"]

1. d4 Nf6 2. Nf3 g6 3. Nc3 d5 4.
Bf4 Bg7 5. Nb5 Na6 6. e3 O-O 7. Be2 c5 8. c3 Bd7 9. a4 Qb6 10.
Ne5 Bxb5 11. axb5 Nc7 12. g4 Rfd8 13. h4 Nxb5 14. h5 Nd6 15. dxc5 Qxc5 16. hxg6 hxg6 17. Qb3 b5 18. Nd3 Qb6 19. Nb4 Nc4 20. Ra6 Qb7 21.
Bf3 e5 22. Bg5 e4 23. Be2 Rd6 24. Rxd6 Nxd6 25. Bxf6 Bxf6 26. Nxd5 Bg7 27. Kf1 Rd8 28. Kg2 a5 29. Nf4 a4 30. Qa2 Kf8 31. Rd1 Be5 32. Qa3 Kg7 33. Qc5 Qe7 34. Rd5 f6 35. Bxb5 Rb8 36. c4 Rc8 37. Qb4 Rh8 38. c5 Bxf4 39.
Be2 Qe6 40. Rd1 Rh2+ 41. Kg1 Qe5 42. Qd2 Qg5 43. Bf1 Qh4 44. Bg2 Qxg4 45. f3 exf3 46. exf4 Rxg2+ 47. Qxg2 Qxg2# 0-1

[Event "*** SCC Grand Prix: Titled Tuesday Blitz"]
[Site "Chess.com"]
[Date "2020.08.11"]
[Round "9"]
[White "floplover"]
[Black "igorknyazev"]
[Result "1/2-1/2"]
[WhiteElo "2290"]
[BlackElo "1971"]
[TimeControl "180+1"]
[EndTime "11:46:11 PDT"]
[Termination "Game drawn by repetition"]

1. d4 Nf6 2. c4 c5 3. d5 b5 4. Nc3 b4 5. Na4 d6 6. e4 g6 7.
b3 Bg7 8. Bb2 Bd7 9. Bd3 O-O 10.
f4 Nh5 11. Bxg7 Nxg7 12. Nf3 Bg4 13. O-O f5 14. e5 dxe5 15. fxe5 Nd7 16. e6 Ne5 17.
Be2 Nxf3+ 18. Bxf3 Bxf3 19. Qxf3 Rc8 20. Rad1 Qd6 21.
Rf2 Nh5 22. Nb2 Nf6 23. Nd3 Ne4 24. Re2 h5 25. Rde1 Kh7 26. Rxe4 fxe4 27. Qxe4 Rf5 28.
Qe3 Rcf8 29. Nxc5 h4 30. Ne4 Qf4 31. Qxf4 Rxf4 32. h3 Rd8 33. Nc5 Kh6 34. Nd3 Rd4 35. Nxb4 Rd2 36. Nc6 Rd6 37. Nxe7 Rxa2 38. c5 Rda6 39. d6 Rd2 40. d7 Raa2 41. Ng8+ Kg7 42.
Rc1 Rxg2+ 43. Kf1 Rgf2+ 44. Kg1 Rg2+ 45. Kf1 Raf2+ 46. Ke1 Re2+ 47. Kf1 Rgf2+ 48. Kg1 Rg2+ 49. Kf1 Ref2+ 50. Ke1 Re2+ 51. Kf1 1/2-1/2

[Event "*** SCC Grand Prix: Titled Tuesday Blitz"]
[Site "Chess.com"]
[Date "2020.08.11"]
[Round "9"]
[White "The_Machine04"]
[Black "GMHess"]
[Result "1-0"]
[WhiteElo "2293"]
[BlackElo "2766"]
[TimeControl "180+1"]
[EndTime "11:46:12 PDT"]
[Termination "The_Machine04 won by checkmate"]

1. d4 g6 2. Nf3 Bg7 3. Nbd2 d6 4. e4 a6 5. c3 Nd7 6. Bc4 e6 7. O-O Ne7 8. Re1 h6 9. a4 b6 10. b4 Bb7 11. Nf1 e5 12. Ng3 Nc6 13.
Be3 Qe7 14. b5 Na5 15. Ba2 O-O 16. Qc2 Kh7 17. h4 Nf6 18. h5 Ng4 19. Rf1 axb5 20. axb5 Rae8 21. Rae1 Bf6 22. Bd2 Bh4 23. Bd5 Bc8 24.
Nh2 Nxh2 25. Kxh2 Bd7 26. Rb1 Rg8 27. Qc1 gxh5 28. Nf5 Bxf5 29. exf5 Qf6 30. g3 Bg5 31.
Bxg5 Rxg5 32. Qc2 h4 33. Rg1 Reg8 34. Rbe1 exd4 35. cxd4 Qxd4 36. Bxf7 R8g7 37. Bg6+ Kh8 38. Re8+ Rg8 39. Rxg8+ Kxg8 40. Qa2+ Kh8 41. Qf7 Qxf2+ 42.
Rg2 hxg3+ 43. Kh3 Rh5+ 44. Bxh5 Qd4 45. Qf8+ Kh7 46. Bg6# 1-0

[Event "*** SCC Grand Prix: Titled Tuesday Blitz"]
[Site "Chess.com"]
[Date "2020.08.11"]
[Round "9"]
[White "Savva09022009"]
[Black "pavelalexandru07"]
[Result "0-1"]
[WhiteElo "2319"]
[BlackElo "2227"]
[TimeControl "180+1"]
[EndTime "11:46:13 PDT"]
[Termination "pavelalexandru07 won by checkmate"]

1. e4 c5 2. Nf3 d6 3. d4 cxd4 4. Nxd4 Nf6 5. Nc3 a6 6. Be3 e5 7.
Nb3 Be6 8. f3 h5 9. Qd2 Nbd7 10.
O-O-O Be7 11. Nd5 Nxd5 12. exd5 Bf5 13. Bd3 Bxd3 14. Qxd3 Bg5 15. g4 h4 16. Kb1 Bxe3 17. Qxe3 O-O 18. Nd2 Nf6 19. Ne4 Nxe4 20. fxe4 g5 21. Rhf1 f6 22. c4 Rc8 23. Rc1 Kg7 24.
c5 dxc5 25. Rxc5 Qd7 26. h3 Qa4 27. Rfc1 Rxc5 28. Rxc5 Rf7 29. Rc1 Qb5 30. d6 Rd7 31. Rd1 Qa4 32. Qd3 Kh6 33. Qd5 Qb4 34. a3 Qa4 35.
Ka1 Qc2 36. Rd2 Qc1+ 37. Ka2 b5 38. Rd3 Qc2 39. Rc3 Qe2 40. Rc7 Rxc7 41. dxc7 Qc2 42.
Qe6 Qxc7 43. Qxf6+ Kh7 44. Qf5+ Kh6 45. Qf6+ Kh7 46.
Qe6 Kg7 47. Kb3 Kh7 48. Qf6 Qc4# 0-1

[Event "*** SCC Grand Prix: Titled Tuesday Blitz"]
[Site "Chess.com"]
[Date "2020.08.11"]
[Round "9"]
[White "Evachess2006"]
[Black "Klavdia_Nik"]
[Result "0-1"]
[WhiteElo "1631"]
[BlackElo "2053"]
[TimeControl "180+1"]
[EndTime "11:46:13 PDT"]
[Termination "Klavdia_Nik won by resignation"]

1. e4 g6 2. d4 Bg7 3. c3 d6 4. g3 Nd7 5. Bg2 c5 6. Ne2 Ngf6 7. Be3 Ng4 8. O-O Nxe3 9. fxe3 O-O 10. Nd2 Rb8 11.
Nb3 b6 12. Qd2 a5 13. a4 Ba6 14. dxc5 bxc5 15. Nbc1 Ne5 16. b3 Bh6 17. Nf4 Bxf1 18.
Kxf1 Qb6 19. Nd5 Qb7 20. Nd3 Nxd3 21. Qxd3 Rfe8 22. Qb5 Qxb5+ 23. axb5 Rxb5 24. Nc7 Reb8 25. Nxb5 Rxb5 26. Ra3 Bxe3 27. Ke2 Bc1 28. c4 Rb4 29. Ra4 Rxb3 30. Rxa5 Rb2+ 31. Kf3 Bg5 32. Ra8+ Kg7 33. h4 Bf6 34. Bf1 Rb3+ 35. Kg2 h5 36. Kf2 Bd4+ 37.
Kg2 Be5 38. Ra7 Rxg3+ 39. Kf2 Kf6 40. Be2 Rh3 41. Bf3 Rxh4 42. Ra2 Rh2+ 43. Ke3 Rxa2 0-1

[Event "*** SCC Grand Prix: Titled Tuesday Blitz"]
[Site "Chess.com"]
[Date "2020.08.11"]
[Round "9"]
[White "Bulldog167"]
[Black "ChessAurochs"]
[Result "1-0"]
[WhiteElo "2742"]
[BlackElo "2593"]
[TimeControl "180+1"]
[EndTime "11:46:14 PDT"]
[Termination "Bulldog167 won on time"]

1. d4 Nf6 2. c4 e6 3. Nf3 d5 4. Nc3 Bb4 5. Bg5 h6 6. Bxf6 Qxf6 7. e3 O-O 8. Rc1 Nc6 9. Be2 Ne7 10. a3 Bxc3+ 11.
Rxc3 c6 12. O-O Ng6 13. b4 dxc4 14. Bxc4 e5 15. Nxe5 Nxe5 16. dxe5 Qxe5 17. Rd3 Bf5 18. Rd4 Qe7 19. Qf3 Bg6 20. Rfd1 Rfd8 21. Qg3 Kh7 22. Rd6 Rxd6 23. Qxd6 Qxd6 24. Rxd6 b5 25. Bf1 a5 26. f3 axb4 27. axb4 Ra1 28. Kf2 Ra2+ 29.
Kg3 Rc2 30. e4 Rc1 31. Kf2 Rc2+ 32. Ke3 Rc3+ 33. Bd3 f6 34. Kd4 Rc1 35. h4 h5 36.
g4 hxg4 37. fxg4 Kh6 38. h5 Bf7 39. e5 Kg5 40. exf6 gxf6 41. h6 Kxh6 42. Rxf6+ Kg7 43. Rd6 Bd5 44. g5 Rg1 45. Rd7+ Kf8 46. g6 Rg4+ 47. Ke5 Rg3 48. Kf6 Rf3+ 49. Bf5 Ke8 50. Rxd5 cxd5 51. g7 Rxf5+ 52. Kxf5 Kf7 53. Ke5 d4 54. Kxd4 Kxg7 55. Kc5 Kf6 56. Kxb5 Ke6 57. Kc6 1-0

[Event "*** SCC Grand Prix: Titled Tuesday Blitz"]
[Site "Chess.com"]
[Date "2020.08.11"]
[Round "9"]
[White "ClydeHillKid"]
[Black "londonkid"]
[Result "1-0"]
[WhiteElo "2335"]
[BlackElo "2432"]
[TimeControl "180+1"]
[EndTime "11:46:14 PDT"]
[Termination "ClydeHillKid won by checkmate"]

1. e4 e6 2. d3 d5 3. Nd2 Nf6 4. Ngf3 c5 5. g3 Nc6 6. Bg2 Be7 7. O-O Qc7 8. Re1 b6 9. e5 Nd7 10. Qe2 Bb7 11. Nf1 h6 12. h4 O-O-O 13. N1h2 Rdg8 14.
Ng4 g5 15. h5 Kb8 16. c3 a6 17. Bd2 Ka7 18. Rab1 Nd8 19. b4 c4 20. Nd4 Re8 21. a4 f5 22. exf6 Bxf6 23. Nxf6 Nxf6 24. dxc4 dxc4 25. Bxb7 Qxb7 26. Qxc4 Nxh5 27. a5 b5 28. Qc5+ Ka8 29. c4 e5 30. Nxb5 axb5 31. a6 Qc6 32. cxb5 Qxc5 33. bxc5 Ne6 34. Rxe5 Nd4 35. Rxe8+ Rxe8 36. Be3 Ne2+ 37. Kg2 Nc3 38. Rb3 Nd5 39. b6 Nhf6 40. c6 Nxe3+ 41. fxe3 Nd5 42. e4 Nxb6 43.
Rxb6 Ka7 44. Rb7+ Kxa6 45. Rh7 Rxe4 46. Rxh6 Kb6 47. Kf3 Rc4 48. Rg6 Kc7 49. g4 Rf4+ 50. Kg3 Rc4 51. Rxg5 Rxc6 52. Rd5 Rc4 53. Kh4 Kc6 54. Rd1 Rc5 55. g5 Kc7 56. Kh5 Kc8 57. Kh6 Rc6+ 58. g6 Rc3 59. Kg7 Rg3 60. Kh7 Rh3+ 61. Kg8 Rg3 62. g7 Kc7 63. Rh1 Kd6 64. Kh8 Ke6 65. g8=Q+ Rxg8+ 66. Kxg8 Kd5 67. Kf7 Kc4 68.
Ke6 Kb3 69. Kd5 Kc3 70. Kc5 Kb2 71. Rh4 Ka2 72. Kc4 Kb2 73. Rh3 Ka2 74. Kc3 Ka1 75.
Kb3 Kb1 76. Rh1# 1-0

[Event "*** SCC Grand Prix: Titled Tuesday Blitz"]
[Site "Chess.com"]
[Date "2020.08.11"]
[Round "9"]
[White "Sacbutt"]
[Black "canary2016"]
[Result "1-0"]
[WhiteElo "2180"]
[BlackElo "1874"]
[TimeControl "180+1"]
[EndTime "11:46:14 PDT"]
[Termination "Sacbutt won by checkmate"]

1. e4 c5 2. Nf3 d6 3. d4 cxd4 4.
Nxd4 Nf6 5. Nc3 a6 6. Bg5 e6 7. f4 h6 8. Bh4 Qb6 9. Qd2 Qxb2 10. Rb1 Qa3 11. f5 e5 12. Nb3 Be7 13. Bxf6 Bxf6 14.
Nd5 Bg5 15. Qf2 O-O 16. Bd3 Nc6 17. O-O Nb4 18. Nb6 Rb8 19. h4 Bf6 20. Nc1 Nxd3 21. Nxd3 Bd8 22. Nd5 b5 23. Rb3 Qa4 24. N3b4 Bb7 25. f6 Bxd5 26. Nxd5 Qxe4 27. fxg7 Qxd5 28. gxf8=Q+ Kxf8 29. Rd3 Qe6 30. Rxd6 Qxa2 31. Rxa6 Qc4 32. Rxh6 Ke7 33. Qf6+ Ke8 34. Rh8+ Kd7 35. Rd1+ Kc7 36. Rhxd8 Qc5+ 37. Kh1 Rxd8 38. Qxd8+ Kb7 39. Qd7+ Ka6 40. Qd6+ Qxd6 41. Rxd6+ Ka5 42. h5 Kb4 43. h6 Kc3 44. Rc6+ Kd4 45. h7 e4 46. h8=Q+ Ke3 47. Qc3+ Kf2 48.
Rf6+ Ke2 49. Qd4 e3 50. Qd3+ Ke1 51. Rf1# 1-0

[Event "*** SCC Grand Prix: Titled Tuesday Blitz"]
[Site "Chess.com"]
[Date "2020.08.11"]
[Round "9"]
[White "Brave_spirit12"]
[Black "Kobalia"]
[Result "0-1"]
[WhiteElo "2528"]
[BlackElo "2780"]
[TimeControl "180+1"]
[EndTime "11:46:15 PDT"]
[Termination "Kobalia won by resignation"]

1. e4 c5 2. c3 Nf6 3. e5 Nd5 4. d4 cxd4 5. cxd4 e6 6. Nc3 Nxc3 7. bxc3 d6 8. Nf3 Nc6 9. Bb5 Bd7 10. O-O dxe5 11. Bxc6 Bxc6 12. Nxe5 Bd6 13. Nxc6 bxc6 14.
Qf3 Rc8 15. Rb1 O-O 16. Bf4 Bxf4 17. Qxf4 c5 18. Rb7 Qa5 19. c4 cxd4 20. Qxd4 Qxa2 21.
Rc1 a5 22. c5 Qa3 23. Qc3 Qxc3 24. Rxc3 Ra8 25. c6 a4 26. c7 a3 27. Rb1 a2 28.
Ra1 Rfc8 29. Rc2 g5 30. g4 Kg7 31. Kg2 Kg6 32. h3 h5 33. gxh5+ Kxh5 34. Kg3 Ra7 35.
Raxa2 Rxa2 36. Rxa2 Rxc7 37. Ra4 Rc1 38. Ra7 Kg6 39. h4 Rc3+ 40. Kg2 gxh4 41. Ra4 h3+ 42. Kh2 Rf3 43. Rg4+ Kf5 44. Rc4 Rxf2+ 45. Kxh3 e5 46. Kg3 Rb2 47. Kf3 Rb3+ 48. Kf2 f6 49. Ke2 e4 50.
Rc6 Ke5 51. Rc5+ Kf4 52. Rc6 f5 53. Rc5 Rb2+ 54. Kf1 e3 55. Ke1 Ke4 56. Rc4+ Kf3 57. Kd1 e2+ 58. Kc1 Ra2 59. Kb1 e1=Q+ 0-1

[Event "*** SCC Grand Prix: Titled Tuesday Blitz"]
[Site "Chess.com"]
[Date "2020.08.11"]
[Round "9"]
[White "IMAghasiyevKamal"]
[Black "AliKa2810"]
[Result "0-1"]
[WhiteElo "2445"]
[BlackElo "2605"]
[TimeControl "180+1"]
[EndTime "11:46:16 PDT"]
[Termination "AliKa2810 won on time"]

1. e4 e6 2. d4 d5 3. Nc3 Bb4 4. e5 Ne7 5. a3 Bxc3+ 6. bxc3 c5 7. Qg4 O-O 8. Bd3 Qc7 9. Nf3 Nbc6 10. Bxh7+ Kxh7 11.
Qh5+ Kg8 12. Ng5 Rd8 13. Qxf7+ Kh8 14. Qh5+ Kg8 15. h4 cxd4 16. Bf4 dxc3 17. Rh3 Nd4 18. Rd1 Nxc2+ 19. Kf1 Qc4+ 20. Kg1 Qxf4 21. Qh7+ Kf8 22. Rf3 Qxf3 23. gxf3 Nxa3 24. Rd4 c2 25. Qh8+ Ng8 26. Rf4+ Ke8 27. Qxg8+ Kd7 28. Rf7+ Kc6 29. Qxd8 c1=Q+ 30. Kg2 Nb5 31. Qe7 Qc5 32. Qe8+ Kb6 33. Nxe6 Bxe6 34.
Qxe6+ Qc6 35. Qf5 Re8 36. Rxg7 Nd4 37. Qb1+ Qb5 38. Qd1 Ne6 39. Rg6 a5 40. f4 Ka7 41.
Qc1 Qc6 42. Qxc6 bxc6 43. Kg3 a4 44. f5 Nd4 45. f6 Rxe5 46. Rg5 Re8 0-1

[Event "*** SCC Grand Prix: Titled Tuesday Blitz"]
[Site "Chess.com"]
[Date "2020.08.11"]
[Round "9"]
[White "MasterSonnevanck23"]
[Black "Ind1anStar"]
[Result "1/2-1/2"]
[WhiteElo "2352"]
[BlackElo "2505"]
[TimeControl "180+1"]
[EndTime "11:46:16 PDT"]
[Termination "Game drawn by repetition"]

1. c4 e6 2. Nc3 d5 3. d4 Be7 4. cxd5 exd5 5. Bf4 Nf6 6. e3 O-O 7. Bd3 c6 8. h3 Nbd7 9. Nf3 Re8 10. O-O Nf8 11. Qc2 Ng6 12. Bh2 Bd6 13. Bxd6 Qxd6 14.
Rab1 Bd7 15. b4 a6 16. a4 Rac8 17. a5 Re7 18. Na4 Ne4 19. Nc5 Bf5 20. g4 Be6 21.
Nxe4 dxe4 22. Bxe4 Bd5 23. Bxd5 Qxd5 24. Ne1 h5 25.
Qf5 Qxf5 26. gxf5 Nh4 27. f6 gxf6 28. Ng2 Nf3+ 29. Kh1 Nd2 30. Rfd1 Nxb1 31. Rxb1 Kh7 32. Nf4 Kh6 33. Rc1 Rg8 34. Kh2 Rg5 35. h4 Rb5 36. Rc4 Re8 37. Nd3 Rg8 38. Nc5 Rg4 39. f3 Rg8 40.
Ne4 Rf5 41. f4 Rg4 42. Kh3 Rg1 43. Nd6 Rd5 44. Nxb7 Re1 45. Nc5 Rxe3+ 46. Kg2 Rf5 47. Nxa6 Rxf4 48. Rxc6 Rd3 49. b5 Rdxd4 50. b6 Rg4+ 51.
Kf3 Rgf4+ 52. Ke3 Rfe4+ 53. Kf3 Rf4+ 54. Ke3 Rfe4+ 55. Kf3 Rf4+ 1/2-1/2

[Event "*** SCC Grand Prix: Titled Tuesday Blitz"]
[Site "Chess.com"]
[Date "2020.08.11"]
[Round "9"]
[White "GukeshDommaraju"]
[Black "TranJMinh"]
[Result "0-1"]
[WhiteElo "2668"]
[BlackElo "2840"]
[TimeControl "180+1"]
[EndTime "11:46:17 PDT"]
[Termination "TranJMinh won by checkmate"]

1. e4 c5 2. Nf3 d6 3. d4 cxd4 4. Nxd4 Nf6 5. Nc3 a6 6. Be2 e5 7.
Nb3 Be7 8. Be3 O-O 9. g4 Be6 10. g5 Nfd7 11. h4 Nc6 12. Qd2 f5 13. exf5 Bxf5 14.
Nd5 Rc8 15. c3 Be4 16. Rf1 a5 17. a4 Kh8 18. Bg4 Rb8 19. Rd1 Nd4 20. Nxe7 Nc2+ 21. Ke2 Qxe7 22. Qxd6 Qf7 23. Nd2 Bf5 24. Bxf5 Qxf5 25. Qd3 Nxe3 26. Qxe3 Qg4+ 27. f3 Qxa4 28. Ne4 b6 29. b3 Qc6 30. Rd6 Qc7 31. g6 Nc5 32.
Rfd1 Nxe4 33. fxe4 a4 34. bxa4 Qc4+ 35. Qd3 Qxa4 36. gxh7 Qa2+ 37. Rd2 Qf7 38. Kd1 Ra8 39. Rxb6 Ra1+ 40. Kc2 Qa2+ 41. Rb2 Qa4+ 42. Rb3 Ra2+ 43. Kc1 Qxb3 44. Qd6 Ra1# 0-1

[Event "*** SCC Grand Prix: Titled Tuesday Blitz"]
[Site "Chess.com"]
[Date "2020.08.11"]
[Round "9"]
[White "Juanovic"]
[Black "UKR_Master"]
[Result "0-1"]
[WhiteElo "2084"]
[BlackElo "2301"]
[TimeControl "180+1"]
[EndTime "11:46:17 PDT"]
[Termination "UKR_Master won by resignation"]

1. e4 c5 2. Nf3 e6 3. Nc3 a6 4.
g3 b5 5. Bg2 Bb7 6. d3 d6 7.
O-O Nd7 8. Re1 Ngf6 9. Bf4 Be7 10. e5 dxe5 11. Nxe5 Bxg2 12. Kxg2 Nxe5 13. Bxe5 O-O 14. Qf3 Rc8 15. a4 b4 16. Ne4 Nd7 17. Bd6 f5 18. Bxe7 Qxe7 19. Nd2 Nb6 20. a5 Na8 21. Nc4 Qf6 22.
Qb7 f4 23. f3 fxg3 24. hxg3 Nc7 25. Rf1 Nd5 26. Qxa6 Rce8 27. Rae1 Qg5 28. Qd6 Nf4+ 29.
Kf2 Nh3+ 30. Kg2 Nf4+ 31. Kf2 Ng6 32. Re4 Qh5 33. g4 Qh4+ 34. Qg3 Qg5 35. Rfe1 Qd5 36. Kg2 Rf6 37. Ne5 Ne7 38. c4 bxc3 39. bxc3 Ref8 40.
R1e3 Qa2+ 41. Kh3 Rh6+ 42. Qh4 Rxh4+ 43. Kxh4 Qf2+ 44. Kh3 Rf6 45. g5 Rf5 46. Ng4 Qf1+ 47. Kg3 Rxg5 48. Rxe6 Nf5+ 49. Kf4 Rxg4+ 50. Kxg4 Nxe3+ 51.
Rxe3 Qa1 52. Kf4 Qxc3 53. Re8+ Kf7 54. Re3 Qxa5 0-1

[Event "*** SCC Grand Prix: Titled Tuesday Blitz"]
[Site "Chess.com"]
[Date "2020.08.11"]
[Round "9"]
[White "ehrenfeld"]
[Black "OK97"]
[Result "1/2-1/2"]
[WhiteElo "2566"]
[BlackElo "2838"]
[TimeControl "180+1"]
[EndTime "11:46:18 PDT"]
[Termination "Game drawn by repetition"]

1. e4 g6 2. d4 Bg7 3. Nc3 d6 4. Be3 a6 5. a4 Nf6 6. Nf3 O-O 7.
h3 b6 8. Bd3 Bb7 9. O-O e6 10. Qd2 c5 11. Bh6 c4 12. Bxg7 Kxg7 13.
Bxc4 Nxe4 14. Nxe4 Bxe4 15. Ng5 Bf5 16. f4 h6 17. Nf3 Qc7 18. Bd3 Bxd3 19. Qxd3 Nd7 20. Rae1 Nf6 21. c3 Qc6 22. Qd1 b5 23. axb5 axb5 24.
g4 Ra2 25. Re2 Rfa8 26. f5 exf5 27. gxf5 Ra1 28. Qd3 Rxf1+ 29. Kxf1 g5 30. Kf2 Qd5 31. Nd2 g4 32. hxg4 Nxg4+ 33. Kg3 Nf6 34. Rg2 Kf8 35.
Qe3 Qxf5 36. Qxh6+ Ke7 37. Qh4 Rg8+ 38. Kh2 Rxg2+ 39. Kxg2 Qc2 40. Qe1+ Kf8 41. Qf2 Qxb2 42. Qxf6 Qxd2+ 43. Kg3 Qxc3+ 44. Kg4 Qc7 45. Kh5 Ke8 46. Kh6 Qe7 47. Qf3 Qf8+ 48. Kh7 Ke7 49. Qe4+ Kf6 50. Qf4+ Ke7 51. Qe4+ Kd8 52. Qa8+ Ke7 53. Qe4+ 1/2-1/2

[Event "*** SCC Grand Prix: Titled Tuesday Blitz"]
[Site "Chess.com"]
[Date "2020.08.11"]
[Round "9"]
[White "Vsevolod_Ovchinnikov"]
[Black "TargetA"]
[Result "1-0"]
[WhiteElo "2457"]
[BlackElo "2576"]
[TimeControl "180+1"]
[EndTime "11:46:20 PDT"]
[Termination "Vsevolod_Ovchinnikov won by checkmate"]

1. d4 Nf6 2. c4 g6 3. Nc3 Bg7 4. e4 d6 5. Nf3 O-O 6. h3 e5 7. d5 Nbd7 8. Be3 Nc5 9. Nd2 a5 10. g4 c6 11. Rg1 cxd5 12. cxd5 Bd7 13. a4 Qb6 14. Nc4 Qb4 15. f3 b5 16. axb5 Bxb5 17. Nxd6 Bxf1 18. Kxf1 Nb3 19. Ra4 Qxd6 20. Qxb3 Rfb8 21.
Qc2 Rb4 22. Rg2 Rab8 23. Rxb4 axb4 24. Nd1 Nd7 25. Qc6 Qe7 26. Rc2 Bf8 27. Nf2 Nf6 28. Bg5 Bg7 29. Kg2 h6 30. Be3 Ne8 31. Nd3 b3 32.
Rc3 Qh4 33. d6 Rd8 34. d7 Nf6 35. Nc5 Nxd7 36. Nxd7 Qe1 37. Rxb3 Qd1 38. Rb7 Qe2+ 39. Bf2 Kh8 40. Rb8 Rxb8 41. Nxb8 Bf8 42. Qe8 Kg7 43. Nd7 Bd6 44. Qd8 Qd2 45. Qf6+ Kg8 46. Nxe5 Bc5 47. Qxf7+ Kh8 48. Nxg6# 1-0

[Event "*** SCC Grand Prix: Titled Tuesday Blitz"]
[Site "Chess.com"]
[Date "2020.08.11"]
[Round "9"]
[White "annamaja"]
[Black "stolencandy13"]
[Result "0-1"]
[WhiteElo "2256"]
[BlackElo "2423"]
[TimeControl "180+1"]
[EndTime "11:46:20 PDT"]
[Termination "stolencandy13 won by resignation"]

1. e4 c6 2. d4 d5 3. exd5 cxd5 4. c4 Nf6 5. Nc3 e6 6. Bd3 dxc4 7. Bxc4 Bb4 8. Ne2 O-O 9. O-O b6 10. Bg5 Bb7 11. d5 e5 12. Ne4 Nbd7 13. a3 Be7 14. Nxf6+ Bxf6 15. Bxf6 Nxf6 16. Nc3 Rc8 17. Bb3 Qd6 18. Re1 Rfd8 19. Qe2 Nxd5 20. Nxd5 Bxd5 21. Bxd5 Qxd5 22. Qxe5 Qxe5 23. Rxe5 Rc2 24. Rae1 g6 25. b4 Rdd2 26. Rf1 Ra2 27. Re3 Kg7 28. g3 b5 29. Rc3 a6 30. h4 h5 31. Kg2 Rdc2 32.
Rxc2 Rxc2 33. Rd1 Rc3 34. Ra1 Kf6 35. Kf1 Rc2 36. a4 Rb2 37. axb5 axb5 38. Ra6+ Kg7 39.
Rb6 Rxb4 40. Ke2 Rb2+ 41. Ke3 b4 42. f3 Rb1 43. g4 hxg4 44. fxg4 b3 45. h5 b2 46. Kd2 Rh1 47. Rxb2 Rh2+ 48. Kc3 Rxb2 49. Kxb2 gxh5 50. gxh5 Kh6 51. Kc3 Kxh5 52. Kd2 Kg5 53. Kd3 Kf4 54. Ke2 f6 55. Ke1 Ke3 56. Kf1 Kf3 57. Kg1 f5 58. Kh1 Ke2 59. Kg1 f4 60.
Kh1 f3 61. Kh2 f2 62. Kg2 f1=Q+ 0-1

[Event "*** SCC Grand Prix: Titled Tuesday Blitz"]
[Site "Chess.com"]
[Date "2020.08.11"]
[Round "9"]
[White "Vuk2000"]
[Black "FairChess_on_YouTube"]
[Result "0-1"]
[WhiteElo "2730"]
[BlackElo "2983"]
[TimeControl "180+1"]
[EndTime "11:46:21 PDT"]
[Termination "FairChess_on_YouTube won by resignation"]

1. d4 Nf6 2. Bg5 Ne4 3. Bf4 d5 4. e3 c5 5. c3 Nc6 6. Bd3 Bf5 7. f3 cxd4 8. fxe4 dxe4 9. Bb5 d3 10.
Nd2 Qb6 11. Qb3 O-O-O 12. Nc4 Qc5 13. Bxc6 Qxc6 14. Ne5 Qa6 15. Qc4+ Qxc4 16. Nxc4 g5 17. Bg3 h5 18. Nh3 f6 19. Rf1 Be6 20. Nd2 h4 21. Bf2 Bxh3 22. gxh3 f5 23. Rg1 Bh6 24. Nc4 Kd7 25. Kd2 Ke6 26. a4 Rc8 27. Na5 Kd5 28. b4 b6 29. Nb3 e5 30. a5 b5 31. a6 f4 32. Ra5 Rhf8 33. Rg4 Rf5 34. Rxb5+ Kc4 35.
Rc5+ Rxc5 36. Nxc5 Kd5 37. Na4 Bf8 38. b5 Rf7 39. Rxg5 Bh6 40. c4+ Kxc4 41. Rxe5 fxe3+ 42. Bxe3 Rf2+ 43. Ke1 Re2+ 44. Kd1 Rxe3 45. b6 Kd4 46. Rf5 Rf3 47. Rxf3 exf3 48. Ke1 d2+ 49. Kd1 f2 0-1

[Event "*** SCC Grand Prix: Titled Tuesday Blitz"]
[Site "Chess.com"]
[Date "2020.08.11"]
[Round "9"]
[White "Noam_Vitenberg"]
[Black "Fighter008"]
[Result "0-1"]
[WhiteElo "2504"]
[BlackElo "2685"]
[TimeControl "180+1"]
[EndTime "11:46:21 PDT"]
[Termination "Fighter008 won by checkmate"]

1. Nf3 Nf6 2. c4 g6 3. Nc3 Bg7 4. e4 d6 5. d4 O-O 6. Be2 e5 7. Be3 Ng4 8. Bg5 f6 9. Bc1 Nc6 10. d5 Ne7 11. h3 Nh6 12. h4 c6 13. h5 g5 14. Nh2 a6 15. g4 b5 16. dxc6 Be6 17.
cxb5 axb5 18. Bxb5 d5 19. exd5 Nxd5 20. Nxd5 Bxd5 21.
O-O Nf7 22. a4 Qd6 23. Qc2 e4 24. Be3 Qe6 25. c7 Ne5 26. Qe2 Nf3+ 27. Kh1 f5 28.
Rfd1 Kh8 29. Nxf3 exf3 30. Qd2 f4 31. Qxd5 Qxg4 32. Bf1 fxe3 33. fxe3 Qxh5+ 34. Kg1 Qg4+ 35. Kh1 Qh4+ 36. Kg1 Qg3+ 37. Kh1 Ra6 38. Qd6 Rxd6 39. Rxd6 Be5 40. Rh6 Kg7 41. Rh5 Bxc7 42. Rc1 Rd8 43. Rh3 Qe5 44. b4 Rd2 45. Kg1 g4 46. Rh4 Qg3+ 47.
Kh1 Rh2+ 48. Rxh2 Qxh2# 0-1

[Event "*** SCC Grand Prix: Titled Tuesday Blitz"]
[Site "Chess.com"]
[Date "2020.08.11"]
[Round "9"]
[White "Anuar_Is"]
[Black "albano87"]
[Result "1-0"]
[WhiteElo "2711"]
[BlackElo "2559"]
[TimeControl "180+1"]
[EndTime "11:46:22 PDT"]
[Termination "Anuar_Is won on time"]

1. e4 c5 2. Nf3 Nc6 3. d4 cxd4 4.
Nxd4 Nf6 5. Nc3 d6 6. Bg5 Bd7 7. Qd2 Rc8 8. O-O-O Nxd4 9. Qxd4 Qa5 10. Bd2 a6 11. a3 Qc5 12. Qxc5 Rxc5 13. f3 g6 14. Be3 Rc8 15. Be2 Bg7 16. Bd4 O-O 17. Kb1 Be6 18.
g4 Bc4 19. Bd3 b5 20. Ne2 Nd7 21. h4 Ne5 22. Rhf1 Rc7 23. g5 Rfc8 24. Bxc4 Nxc4 25. c3 Bxd4 26. Rxd4 Ne3 27. Rh1 a5 28. h5 Kg7 29. f4 Rc4 30. Rh3 Rxd4 31. Nxd4 Nc4 32. Rh2 Rb8 33. f5 gxh5 34. Kc2 Rb6 35. Rxh5 b4 36.
cxb4 axb4 37. a4 b3+ 38. Kc3 Ne3 39. Rh1 Ng4 40. a5 Rb8 41. Nxb3 Rc8+ 42. Kb4 Nf2 43. Ra1 Nd3+ 44. Ka3 e6 45. Rd1 Nf2 46. Rxd6 Nxe4 47. Rd7 Nxg5 48. fxe6 Nxe6 49. a6 h5 50. a7 h4 51. Na5 h3 52. Rd3 h2 53. Rh3 Ra8 54.
Nc6 Nd8 55. Nxd8 Rxa7+ 56. Kb4 Rd7 57. Nc6 Rd2 58. b3 f5 59. Ne5 Kf6 60. Nc4 1-0

[Event "*** SCC Grand Prix: Titled Tuesday Blitz"]
[Site "Chess.com"]
[Date "2020.08.11"]
[Round "9"]
[White "1977Ivan"]
[Black "Lion-Al-Messi"]
[Result "1-0"]
[WhiteElo "2679"]
[BlackElo "2502"]
[TimeControl "180+1"]
[EndTime "11:46:23 PDT"]
[Termination "1977Ivan won by resignation"]

1. d4 d5 2. c4 c6 3. Nf3 Nf6 4. Nc3 dxc4 5. e4 b5 6. Be2 e6 7. O-O b4 8. e5 Nd5 9. Ne4 Ba6 10. Bg5 Qc7 11. Rc1 Nd7 12. Bxc4 Bxc4 13. Rxc4 h6 14. Bh4 Rc8 15. Qd2 a5 16. Rfc1 g5 17. Bg3 Be7 18. h3 N7b6 19. R4c2 a4 20. Nd6+ Bxd6 21. exd6 Qb7 22.
Ne5 O-O 23. Nxc6 b3 24. axb3 axb3 25. Rc5 Ra8 26. h4 f6 27. Qd3 f5 28. Be5 Qf7 29.
hxg5 hxg5 30. Qh3 Qh7 31. Qg3 Qh5 32. Ne7+ Nxe7 33. dxe7 Rfe8 34. Rc6 Nd5 35. Rxe6 Kf7 36. Rd6 Rh8 37. Bxh8 Rxh8 38. Qh3 Qxh3 39. gxh3 Nf4 40.
Rd8 Re8 41. Rc7 Rxe7 42. Rxe7+ Kxe7 43. Rb8 Nxh3+ 44. Kf1 Nf4 45. Rxb3 Nd5 46. Rb5 Kd6 47. Ke2 g4 48. Rc5 f4 49. Kd3 g3 50. fxg3 fxg3 51. Ke4 g2 52. Rxd5+ 1-0

[Event "*** SCC Grand Prix: Titled Tuesday Blitz"]
[Site "Chess.com"]
[Date "2020.08.11"]
[Round "9"]
[White "Khazieva_Elza"]
[Black "chenxiaoyuer"]
[Result "1-0"]
[WhiteElo "2345"]
[BlackElo "2433"]
[TimeControl "180+1"]
[EndTime "11:46:23 PDT"]
[Termination "Khazieva_Elza won on time"]

1. e4 c5 2. Nf3 d6 3. d3 Nf6 4. g3 g6 5. Bg2 Bg7 6. O-O O-O 7. Re1 Bg4 8. Nbd2 Nc6 9. h3 Bxf3 10.
Nxf3 Rb8 11. e5 dxe5 12. Nxe5 Nxe5 13. Rxe5 Nd7 14. Re1 Qc7 15. Rxe7 Qd6 16. Re1 Be5 17. Qf3 Kg7 18. h4 h5 19. Qd5 Qxd5 20. Bxd5 Bd6 21. Bd2 b5 22. Bc3+ Kg8 23. Bc6 Rfd8 24. Ba5 Nb6 25.
Bxb5 Rdc8 26. Ba6 Rc6 27. Bb5 Rcc8 28. a4 Nd5 29. Bd7 Rf8 30. b3 Nb4 31. Re2 Kg7 32.
Rd1 Kf6 33. d4 cxd4 34. Rxd4 Bc5 35. Rc4 Bd6 36. Rd2 Be7 37. Bc7 Rb7 38. c3 Na6 39.
Bd6 Rxd7 40. Be5+ Ke6 41. Rc6+ Bd6 42. Bxd6 Kf5 43. Bxf8 Rxd2 44. Rxa6 Kg4 45. Kg2 f5 46. Rxa7 f4 47. Re7 f3+ 48. Kh2 Rxf2+ 49. Kg1 Ra2 50. Kf1 1-0